Map: Abyssal Reef LE

Players

DuBxz

  • Race: Zerg Zerg
  • League: Silver
  • Spawn Location: 11:00

Seamonsta - Winner!

  • Race: Protoss Protoss
  • League: Diamond
  • Spawn Location: 5:00

VOD

Have the link to the VOD?

Description

Time

  • Played on: Jan. 31, 2019, 11:03 p.m.
  • Length: 21:23
Show
View Real Time Build Order
Export as new Build Order

DuBxz Zerg 

Build Orders: Hatch First 

Get SALT Encoding   

  12  0:01  Drone  
  13  0:15  Overlord  
  13  0:30  Drone  
  13  0:33  Drone x2  
  16  0:54  Drone, Hatchery  
  16  0:57  Drone  
  16  1:03  Extractor  
  16  1:08  Drone  
  17  1:21  Drone  
  18  1:28  Drone  
  18  1:29  Spawning Pool  
  18  1:38  Drone  
  19  1:45  Overlord  
  19  2:16  Queen  
  19  2:18  Zergling x6  
  19  2:20  Queen, Drone x2  
  28  2:22  Metabolic Boost  
  28  2:37  Roach Warren  
  28  2:38  Drone  
  28  2:40  Drone  
  30  2:44  Drone  
  30  2:50  Drone  
  30  2:51  Drone  
  32  2:59  Queen  
  32  3:03  Overlord  
  34  3:10  Drone x2  
  36  3:16  Extractor  
  36  3:19  Lair  
  35  3:25  Drone, Evolution Chamber  
  35  3:27  Drone  
  35  3:29  Drone  
  37  3:40  Queen  
  39  3:47  Drone x4  
  43  3:51  Overlord  
  43  3:57  Zerg Missile Weapons Level 1  
  43  4:10  Drone x3  
  43  4:11  Drone x3  
  43  4:12  Drone  
  50  4:19  Spore Crawler  
  49  4:28  Extractor  
  49  4:29  Overlord x3  
  50  5:07  Roach x6  
  60  5:25  Roach  
  60  5:26  Roach  
  64  5:29  Glial Reconstitution  
  64  5:31  Roach  
  64  5:32  Roach x3  
  64  5:33  Queen  
  74  5:54  Drone x2  
  74  5:56  Hatchery  
  75  5:57  Overlord x3  
  75  6:02  Zerg Ground Armor Level 1  
  75  6:20  Drone x2  
  75  6:21  Drone  
  75  6:22  Roach x2  
  82  6:38  Roach x5  
  92  6:58  Roach x4  
  92  7:01  Overlord x3  
  100  7:12  Drone x2  
  100  7:13  Drone x2, Overlord  
  104  7:25  Hydralisk Den  
  104  7:26  Pneumatized Carapace  
  103  7:32  Zergling x8  
  103  7:33  Zergling x4  
  109  7:54  Hydralisk  
  109  7:55  Hydralisk x6  
  109  7:56  Zerg Missile Weapons Level 2  
  123  8:07  Queen  
  123  8:08  Queen, Drone  
  123  8:09  Drone x5  
  131  8:40  Zergling x12  
  137  8:42  Overlord x2  
  137  8:43  Overlord x2  
  137  8:45  Baneling Nest  
  137  8:47  Drone  
  137  8:48  Extractor  
  136  9:13  Spore Crawler  
  136  9:14  Spore Crawler  
  136  9:16  Drone x3  
  137  9:17  Drone x2  
  137  9:23  Drone x2  
  141  9:25  Hydralisk  
  141  9:26  Hydralisk x7  
  157  9:59  Centrifical Hooks  
  157  10:00  Zergling x2  
  157  10:01  Zergling x16, Overlord x2  
  157  10:02  Overlord x3  
  162  10:11  Zerg Ground Armor Level 2  
  162  10:24  Roach x9  
  180  10:59  Drone x2  
  180  11:00  Drone x3  
  185  11:24  Spore Crawler  
  154  11:32  Zergling x2  
  134  11:33  Zergling x36  
  148  11:48  Baneling x10  
  125  12:11  Hatchery  
  125  12:13  Hydralisk x12  
  144  12:30  Zergling x18  
  144  12:31  Zergling x6  
  144  12:32  Baneling  
  144  12:33  Baneling x20  
  144  12:34  Roach  
  158  12:43  Extractor  
  157  12:47  Extractor  
  149  13:12  Baneling  
  149  13:13  Baneling x12  
  149  13:14  Roach x12  
  149  13:15  Roach x5  
  183  13:37  Roach x6  
  159  13:59  Zergling x2  
  159  14:00  Zergling x18  
  107  14:24  Zergling x16  
  105  14:33  Zergling x8  
  88  14:39  Zergling x2  
  85  14:48  Baneling  
  85  14:49  Baneling x15  
  78  15:13  Roach  
  78  15:14  Roach x17  
  106  15:15  Zerg Melee Weapons Level 1  
  114  15:29  Roach x3  
  114  15:30  Roach  
  122  15:58  Roach x14  
  144  16:24  Infestation Pit  
  145  16:25  Roach  
  145  16:26  Roach x13  
  145  16:30  Ravager x2  
  145  16:31  Ravager x7  
  145  16:32  Ravager  
  181  16:58  Zergling x2  
  181  16:59  Zergling x26  
  195  17:02  Ravager x4  
  199  17:08  Hive  
  173  17:42  Zergling x2  
  173  17:43  Zergling x38  
  183  17:55  Zergling x14  
  184  18:14  Roach x8  
  139  18:48  Hydralisk  
  139  18:49  Hydralisk x14  
  106  19:11  Hydralisk x3  
  106  19:12  Hydralisk x4  
  108  19:25  Hydralisk x2  
  112  19:35  Extractor  
  112  19:36  Extractor  
  110  19:49  Hydralisk  
  110  19:50  Hydralisk x2  
  110  19:51  Zergling x2  
  110  19:52  Zergling x28  
  131  19:59  Hatchery  
  130  20:19  Hydralisk  
  130  20:20  Hydralisk x4  
Show
View Real Time Build Order
Export as new Build Order

Seamonsta Protoss - Winner!

Build Orders: Carriers 

Get SALT Encoding   

  12  0:02  Probe  
  13  0:14  Probe  
  14  0:24  Pylon  
  14  0:26  Probe  
  15  0:39  Assimilator  
  15  0:51  Gateway  
  15  0:56  Probe  
  16  1:04  Probe  
  17  1:14  Probe  
  18  1:26  Gateway  
  18  1:31  Probe  
  19  1:41  Cybernetics Core  
  19  1:48  Pylon  
  19  1:51  Probe  
  20  1:54  Zealot  
  22  2:08  Warp Gate  
  22  2:14  Nexus  
  22  2:27  Pylon  
  22  2:29  Assimilator  
  22  2:33  Sentry  
  22  2:36  Probe  
  25  2:48  Probe  
  26  2:59  Robotics Facility  
  26  3:00  Probe  
  28  3:12  Probe  
  28  3:14  Pylon  
  28  3:22  Gateway  
  28  3:24  Probe  
  28  3:25  Probe  
  30  3:35  Pylon  
  30  3:37  Probe  
  30  3:40  Probe  
  31  3:42  Shield Battery  
  32  3:48  Warp Prism  
  32  3:49  Probe  
  35  4:01  Twilight Council  
  35  4:03  Probe  
  35  4:05  Probe  
  37  4:10  Assimilator  
  37  4:15  Probe  
  38  4:19  Observer  
  38  4:21  Probe  
  39  4:28  Probe  
  41  4:34  Probe  
  41  4:37  Gateway  
  42  4:40  Probe  
  43  5:03  Resonating Glaives  
  43  5:07  Adept  
  43  5:08  Adept x2  
  43  5:11  Immortal  
  43  5:17  Probe x2  
  49  5:30  Gateway  
  49  5:31  Stargate  
  49  5:40  Robotics Facility  
  49  5:46  Robotics Bay  
  49  5:47  Zealot x2  
  49  5:48  Adept  
  55  5:50  Pylon  
  55  5:59  Probe x2  
  57  6:08  Immortal  
  61  6:13  Probe  
  62  6:18  Pylon  
  62  6:19  Probe  
  62  6:20  Pylon  
  62  6:22  Pylon  
  62  6:25  Probe  
  64  6:31  Probe  
  65  6:38  Adept  
  65  6:39  Adept x3  
  73  6:45  Nexus  
  73  6:47  Pylon x2  
  73  6:51  Pylon, Immortal  
  77  6:54  Disruptor  
  77  6:58  Probe  
  81  7:04  Forge  
  81  7:07  Probe  
  82  7:10  Probe  
  82  7:12  Assimilator  
  83  7:20  Disruptor  
  83  7:21  Disruptor  
  89  7:51  Robotics Facility  
  89  7:54  Protoss Ground Weapons Level 1  
  89  7:55  Probe x2  
  91  7:59  Pylon  
  91  8:01  Forge  
  91  8:04  Photon Cannon  
  91  8:05  Disruptor x2, Photon Cannon  
  94  8:07  Probe x2  
  94  8:09  Photon Cannon  
  94  8:12  Probe  
  100  8:16  Charge  
  100  8:19  Probe x2  
  102  8:20  Assimilator  
  102  8:24  Probe  
  102  8:25  Zealot  
  105  8:30  Adept x2  
  105  8:31  Disruptor  
  105  8:33  Warp Prism  
  106  8:42  Disruptor, Sentry  
  106  8:43  Sentry  
  113  9:01  Probe x2  
  115  9:05  Adept x3  
  121  9:15  Adept x2  
  125  9:22  Protoss Ground Armor Level 1  
  125  9:30  Probe x2  
  127  9:33  Probe  
  127  9:37  Gravitic Drive  
  128  9:40  Disruptor x2  
  128  9:42  Probe  
  135  10:10  Zealot  
  135  10:11  Zealot x2, Adept x2  
  145  10:18  Disruptor  
  148  10:45  Gateway  
  148  10:47  Pylon  
  148  10:49  Pylon x2  
  148  10:52  Pylon  
  148  10:54  Gateway  
  148  10:56  Gateway  
  139  11:28  Nexus  
  139  11:30  Pylon  
  139  11:31  Disruptor, Warp Prism  
  102  11:33  Pylon  
  102  11:35  Zealot, Pylon  
  102  11:36  Zealot x4  
  102  11:37  Pylon  
  77  11:41  Disruptor, Pylon  
  77  11:43  Pylon  
  77  11:45  Pylon  
  77  11:47  Pylon  
  75  11:48  Zealot  
  75  11:54  Stalker x3  
  79  11:57  Adept x4  
  91  12:06  Disruptor  
  94  12:10  Protoss Ground Armor Level 2  
  94  12:12  Protoss Ground Weapons Level 2  
  94  12:18  Adept x3  
  94  12:19  Adept x5  
  102  12:35  Photon Cannon  
  102  12:36  Assimilator, Colossus  
  102  12:40  Probe  
  102  12:41  Probe x3  
  102  12:42  Zealot x2, Colossus  
  102  12:43  Adept x2  
  102  12:44  Adept x4  
  134  13:08  Adept x7  
  134  13:09  Adept  
  150  13:29  Adept x6  
  162  13:46  Assimilator  
  162  13:48  Assimilator  
  95  13:57  Adept x4  
  95  13:58  Adept x4  
  81  14:18  Adept x2  
  81  14:19  Adept x3  
  81  14:20  Adept x3  
  95  14:29  Disruptor x2  
  95  14:30  Disruptor  
  101  14:51  Adept x2  
  101  14:52  Adept x6  
  117  14:54  Stargate  
  117  14:57  Stargate x2  
  117  14:59  Probe x2  
  119  15:02  Stargate  
  119  15:05  Disruptor x2  
  125  15:08  Photon Cannon  
  125  15:12  Photon Cannon  
  125  15:14  Photon Cannon  
  125  15:15  Shield Battery  
  125  15:17  Photon Cannon  
  125  15:19  Shield Battery  
  125  15:22  Photon Cannon  
  125  15:24  Shield Battery  
  125  15:40  Sentry x3  
  129  15:53  Protoss Air Weapons Level 1, Adept x2  
  133  15:58  Fleet Beacon  
  133  16:08  Adept x3  
  133  16:09  Adept  
  141  16:31  Anion Pulse-Crystals  
  141  16:35  Carrier x4  
  165  16:59  Mothership  
  173  17:07  Adept x3  
  147  17:40  Carrier  
  147  17:41  Carrier  
  133  17:51  Carrier  
  135  18:01  Adept x2  
  135  18:02  Adept x2  
  139  18:14  Zealot x2  
  139  18:15  Zealot x2  
  143  18:26  Adept x4  
  139  18:39  Zealot  
  139  18:40  Zealot x3  
  142  18:49  Zealot x3  
  142  18:50  Zealot  
  131  19:10  Carrier x2  
  131  19:11  Carrier  
  131  19:17  Carrier  
  155  19:49  Nexus  
  154  20:39  Nexus  
  154  20:41  Pylon  
  150  20:42  Pylon  
Tags
 
Composition
Carriers
Matchup
PvZ
Spawn Locations
Cross Positions
Add a new tag
Caveats
  • Supply blocks, unpowered buildings, or Contaminate may cause inaccurate times.
  • Supply counts are checked every 10 seconds.